 Dungeon Crawl Stone Soup version 0.16.0-8-gd9ae3a8 (webtiles) character file.

29122 wojtek the Nimble (level 13, -1/84 (88) HPs)
             Began as a Kobold Assassin on Mar 16, 2015.
             Was a High Priest of Makhleb.
             Engulfed by a cloud of freezing vapour (7 damage)
             ... in an ice cave on Mar 17, 2015.
             The game lasted 01:04:16 (20894 turns).

wojtek the Nimble (Kobold Assassin)                Turns: 20894, Time: 01:04:16

HP:   -1/84 (88)    AC:  9    Str: 10    XL:     13   Next: 78%
MP:   27/27         EV: 26    Int: 12    God:    Makhleb [*****.]
Gold: 970           SH:  0    Dex: 17    Spells: 1 memorised, 6 levels left

rFire  x . .     SeeInvis .     A - +3 rapier (elec)
rCold  + + .     Clarity  .     c - +0 robe
rNeg   + . .     SustAb   .     (no shield)
rPois  +         Gourm    .     R - +0 helmet
rElec  .         Spirit   .     O - +1 ratskin cloak {rPois rN+ Int-1 Dex-1}
rCorr  .         Warding  .     k - +1 pair of gloves
rMut   .         Stasis   .     K - +1 pair of boots
MR     .....                    (no amulet)
Stlth  +++.......               j - ring of protection from cold
                                w - ring of ice

@: not resistant to hostile enchantments, fairly stealthy
A: carnivore 3
a: Minor Destruction, Lesser Servant of Makhleb, Major Destruction, Greater
Servant of Makhleb, Renounce Religion


You were in an ice cave.
You worshipped Makhleb.
Makhleb was extremely pleased with you.
You were very full.

You visited 4 branches of the dungeon, and saw 18 of its levels.
You also visited: Ice Cave.

You collected 970 gold pieces.

Inventory:

Hand weapons
 a - a +2 dagger of pain
 b - a +0 blowgun
 A - a +3 rapier of electrocution (weapon)
Missiles
 f - 2 curare-tipped needles {=f}
 q - a throwing net (quivered)
 S - 41 poisoned needles
Armour
 c - a +0 robe (worn)
 k - a +1 pair of gloves (worn)
 K - a +1 pair of boots (worn)
 O - the +1 ratskin cloak (worn) {rPois rN+ Int-1 Dex-1}
   (You found it on level 6 of the Dungeon)

   It affects your intelligence (-1).
   It affects your dexterity (-1).
   It protects you from poison.
   It protects you from negative energy.
 R - a +0 helmet (worn)
 X - a +2 chain mail of fire resistance
Jewellery
 j - a ring of protection from cold (right hand)
 w - a ring of ice (left hand)
 B - an uncursed ring of flight
Magical devices
 e - a wand of flame (23)
 n - a wand of paralysis (14)
 s - a wand of polymorph (6)
 F - a wand of draining (5)
 J - a wand of hasting (4)
 L - a wand of digging (13)
 M - a wand of disintegration (16)
Scrolls
 h - 2 scrolls of fear {unknown}
 i - 4 scrolls of fog
 m - 6 scrolls of remove curse
 p - 2 scrolls of magic mapping
 t - a scroll of blinking {unknown}
 v - 2 scrolls of recharging {unknown}
 x - a scroll of immolation {unknown}
 y - a scroll of teleportation
 D - 2 scrolls of enchant weapon {unknown}
 H - 2 scrolls of noise {unknown}
 U - 2 scrolls of random uselessness {unknown}
Potions
 d - a potion of restore abilities {unknown}
 o - 2 potions of magic
 r - 3 potions of curing {unknown}
 u - a potion of agility
 C - 2 potions of invisibility
 E - 3 potions of ambrosia {unknown}
 Q - a potion of cancellation
Comestibles
 g - 7 meat rations


   Skills:
 + Level 13.2 Fighting
 - Level 11.6 Short Blades
 - Level 2.6 Throwing
 + Level 14.2 Dodging
 - Level 5.3 Stealth
 + Level 6.6 Necromancy
 - Level 10.1 Invocations


You had 6 spell levels left.
You knew the following spells:

 Your Spells              Type           Power        Failure   Level  Hunger
a - Simulacrum            Ice/Necr       ##........   100%        6    #######


Dungeon Overview and Level Annotations

Branches:
Dungeon (10/15)            Temple (1/1) D:7            Lair (4/8) D:8
  Snake (0/5) Lair:3          Orc (3/4) D:10
  Swamp: Lair:3-6    Shoals: Lair:3-6       Elf: Orc:3-4

Altars:
Ashenzari
Cheibriados
Dithmenos
Elyvilon
Fedhas
Gozag
Kikubaaqudgha
Makhleb
Nemelex Xobeh
Okawaru
Qazlal
Ru
Sif Muna
Trog
Vehumet
Xom
Yredelemnul
Zin
The Shining One

Shops:
D:6 *   D:10 %   Orc:2 }

Annotations:
D:2 stone wall scroll
D:3 1 runed door
D:7 Blork the orc, Joseph
D:10 1 runed door
Lair:1 exclusions: black mamba, 3 electric eels, 2 komodo dragons and spiny frog
Lair:4 Rupert


Innate Abilities, Weirdness & Mutations

You are small and have problems with some larger weapons.
You are carnivorous and can eat meat at any time.


Message History

The polar bear closely misses you. The polar bear misses you.
The frost giant burns!
The frost giant stops burning.
The frost giant gestures at you while chanting.
The bolt of cold hits the polar bear.
The polar bear resists.
The polar bear dies!
The bolt of cold misses you.
The frost giant gestures at you while chanting.
The bolt of cold misses you.
Your surroundings suddenly seem different.
You are engulfed in freezing vapours.
You resist.
* * * LOW HITPOINT WARNING * * *
The polar bear is engulfed in freezing vapours.
Found an ice covered gate leading back out of this place.
You are engulfed in freezing vapours.
You resist.
* * * LOW HITPOINT WARNING * * *
The polar bear is engulfed in freezing vapours.
Drink which item? (? for menu, Esc to quit)
It was a potion of magic.
Magic courses through your body.
You are engulfed in freezing vapours.
You resist.
You die...

#..##.##≈≈#
#.###.# ≈≈
##.#.##
#....#
#.#.## ###
##.### #§#
#.## #§##
#C## #§§#
#Y.# #@§#
##h# ##h#
##h# ##§§#
#†## #§§##
#Y# #.§#
#h. #.##
##Yh ..#


YCh ..#. #hh... # You could see a polar bear.

Vanquished Creatures
  2 hydras
  2 death yaks (IceCv)
  Urug (Orc:2)
  An unseen horror (D:10)
  An ice statue (IceCv)
  Pikel (D:4)
  3 elephants (Lair:3)
  A centaur zombie (D:9)
  A fire drake (Lair:3)
  3 komodo dragons
  5 spiny frogs
  A troll (Orc:2)
  7 polar bears (IceCv)
  3 blink frogs (Lair:3)
  2 basilisks
  2 deep elf magi (D:10)
  Eustachio (D:5)
  32 yaks
  4 hungry ghosts (D:10)
  A hippogriff (Lair:1)
  27 wolves
  7 water moccasins
  11 porcupines
  3 nagas (Lair:3)
  2 slaves (D:4)
  A sky beast (D:5)
  8 ice beasts (Orc:3)
  2 centaurs
  2 orc warriors
  3 necrophages
  3 ogres
  A black bear (D:9)
  7 crocodiles
  Sigmund (D:2)
  Duvessa (D:8)
  A wyvern zombie (D:9)
  13 giant frogs
  2 troll zombies (D:10)
  16 killer bees
  2 scorpions
  A jelly (D:8)
  A quasit (D:9)
  A spriggan skeleton (D:10)
  4 wights (D:6)
  7 hounds
  Dowan (D:8)
  2 crimson imps
  2 goliath beetles
  7 iguanas
  Crazy Yiuf (D:3)
  10 worker ants
  8 orc priests
  4 centaur skeletons
  4 orc wizards
  5 ogre zombies (D:10)
  Ijyb (D:7)
  A hound skeleton (D:5)
  23 river rats
  16 adders
  3 gnolls (D:8)
  A shadow imp (D:10)
  4 giant mites
  3 worms
  4 giant geckos
  72 orcs
  9 giant cockroaches
  16 hobgoblins
  10 jackals
  5 quokkas
  17 bats
  A giant gecko skeleton (D:7)
  A giant gecko zombie (D:9)
  5 giant newts
  A giant spore (D:9)
  20 goblins
  2 goblin zombies (D:10)
  2 hobgoblin skeletons (D:10)
  2 hobgoblin zombies (D:10)
  11 kobolds
  4 orc skeletons (D:10)
  15 orc zombies (D:10)
  A quokka skeleton (D:8)
  A quokka zombie (D:5)
  21 rats
  2 fungi
519 creatures vanquished.

Vanquished Creatures (collateral kills)
  A death yak (IceCv)
  3 polar bears (IceCv)
  A yak (IceCv)
  A wolf (IceCv)
  An orc warrior (Orc:2)
  2 orcs (Orc:2)
9 creatures vanquished.

Vanquished Creatures (others)
  2 balrugs
  A polar bear (IceCv)
  3 ynoxinuls
  An ufetubus (D:9)
  5 fungi
12 creatures vanquished.

Grand Total: 540 creatures vanquished

Notes
Turn   | Place    | Note
--------------------------------------------------------------
     0 | D:1      | wojtek, the Kobold Assassin, began the quest for the Orb.
     0 | D:1      | Reached XP level 1. HP: 12/12 MP: 1/1
   228 | D:1      | Reached XP level 2. HP: 15/17 MP: 2/2
   855 | D:2      | Reached XP level 3. HP: 16/21 MP: 3/3
   984 | D:2      | Found an iron altar of Okawaru.
  1137 | D:2      | Noticed Sigmund
  1320 | D:2      | Reached skill level 5 in Short Blades
  1461 | D:2      | Reached XP level 4. HP: 26/26 MP: 4/4
  2032 | D:3      | Reached skill level 6 in Short Blades
  2338 | D:3      | Reached XP level 5. HP: 25/30 MP: 5/5
  2369 | D:3      | Found a glowing silver altar of Zin.
  2369 | D:3      | Found a runed door.
  2369 | D:3      | Noticed an angel
  2728 | D:3      | Reached skill level 7 in Short Blades
  3326 | D:3      | Noticed Crazy Yiuf
  3332 | D:3      | HP: 1/30 [Crazy Yiuf/wand of flame (7)]
  3671 | D:3      | Killed Crazy Yiuf
  3671 | D:3      | Reached XP level 6. HP: 2/36 MP: 6/6
  4397 | D:4      | Noticed a slave
  4397 | D:4      | Noticed a slave
  4397 | D:4      | Noticed a slave
  5051 | D:4      | Reached XP level 7. HP: 38/42 MP: 7/7
  5157 | D:5      | Entered Level 5 of the Dungeon
  5465 | D:5      | Noticed Eustachio
  5696 | D:5      | Reached skill level 5 in Fighting
  5696 | D:5      | Reached skill level 5 in Dodging
  5757 | D:5      | Found a glowing silver altar of Zin.
  6130 | D:5      | Reached XP level 8. HP: 46/49 MP: 8/8
  6706 | D:6      | Found Ghukam's Elemental Accessories.
  7338 | D:7      | Noticed Ijyb
  7340 | D:7      | Killed Ijyb
  7405 | D:7      | Noticed Blork the orc
  7512 | D:7      | Found a staircase to the Ecumenical Temple.
  7521 | Temple   | Entered the Ecumenical Temple
  7608 | Temple   | Became a worshipper of Makhleb the Destroyer
  7789 | D:7      | Reached skill level 1 in Invocations
  7820 | D:7      | Reached XP level 9. HP: 52/57 MP: 11/11
  8230 | D:7      | Noticed Joseph
  8309 | D:8      | Reached skill level 8 in Short Blades
  8345 | D:8      | Noticed Duvessa
  8345 | D:8      | Noticed Dowan
  8380 | D:8      | Killed Duvessa
  8398 | D:8      | Killed Dowan
  8477 | D:8      | Acquired Makhleb's first power
  8879 | D:8      | Found a staircase to the Lair.
  8944 | D:8      | Acquired Makhleb's second power
  9727 | Lair:1   | Entered Level 1 of the Lair of Beasts
  9745 | D:8      | Reached skill level 9 in Short Blades
  9751 | D:8      | Reached XP level 10. HP: 49/60 MP: 16/18
 10144 | D:8      | Reached skill level 5 in Invocations
 10622 | Lair:1   | Got a blackened plate armour
 10652 | Lair:1   | Reached skill level 10 in Short Blades
 10682 | Lair:1   | Noticed a komodo dragon
 10860 | Lair:1   | Got a clouded pewter ring
 10938 | Lair:1   | Acquired Makhleb's third power
 11200 | Lair:1   | Noticed a komodo dragon
 11244 | Lair:1   | Noticed a spiny frog
 11260 | Lair:1   | Noticed a black mamba
 11888 | Lair:1   | Identified the cursed -4 plate armour of Frituf {rElec rPois rC++ MR+ Str-3} (You found it on level 1 of the Lair of Beasts)
 11889 | Lair:1   | Identified the ring of the Heavens {rF+ Int+5} (You found it on level 1 of the Lair of Beasts)
 12012 | D:5      | Killed Eustachio
 12429 | D:2      | Killed Sigmund
 12566 | D:4      | Noticed Pikel
 12566 | D:4      | Noticed a slave
 12596 | D:4      | Killed a slave
 12632 | D:4      | Killed Pikel
 12632 | D:4      | Reached skill level 10 in Dodging
 12632 | D:4      | Reached XP level 11. HP: 66/68 MP: 21/21
 12644 | D:4      | Killed a freed slave
 13403 | Lair:1   | Reached skill level 11 in Short Blades
 13610 | Lair:1   | Noticed a spiny frog
 13613 | Lair:1   | Killed a spiny frog
 14028 | Lair:2   | Reached skill level 10 in Fighting
 14960 | Lair:3   | Noticed a six-headed hydra
 14962 | Lair:3   | Killed a six-headed hydra
 14962 | Lair:3   | Acquired Makhleb's fourth power
 14962 | Lair:3   | Reached XP level 12. HP: 75/75 MP: 24/24
 15261 | Lair:3   | Found a staircase to the Snake Pit.
 15628 | Lair:3   | Reached skill level 12 in Dodging
 15732 | Lair:3   | Acquired Makhleb's fifth power
 16259 | Lair:3   | Reached skill level 10 in Invocations
 16366 | Lair:4   | Learned a level 6 spell: Simulacrum
 16376 | Lair:4   | Noticed Rupert
 16377 | Lair:4   | Paralysed by Rupert for 3 turns
 16384 | Lair:4   | Noticed a cacodemon
 16601 | Lair:4   | Reached skill level 1 in Necromancy
 16602 | Lair:4   | Paralysed by Rupert for 6 turns
 17211 | D:9      | Noticed a five-headed hydra
 17228 | D:9      | Killed a five-headed hydra
 17861 | D:10     | Entered Level 10 of the Dungeon
 18244 | D:10     | Reached XP level 13. HP: 82/82 MP: 27/27
 18299 | D:10     | Reached skill level 13 in Dodging
 18361 | D:10     | Found a staircase to the Orcish Mines.
 18947 | D:10     | Found Bew Illeida's Food Boutique.
 19021 | D:10     | Found a runed door.
 19231 | Orc:1    | Entered Level 1 of the Orcish Mines
 19280 | Orc:2    | Noticed Urug
 19601 | Orc:2    | Killed Urug
 19622 | Orc:2    | Found Haar's Gadget Shoppe.
 20092 | Orc:3    | Found a frozen archway.
 20106 | IceCv    | Entered an ice cave
 20121 | IceCv    | Reached skill level 5 in Necromancy
 20450 | IceCv    | Reached skill level 14 in Dodging
 20854 | IceCv    | Noticed a frost giant
 20894 | IceCv    | Engulfed by a cloud of freezing vapour

Action                   |  1- 3 |  4- 6 |  7- 9 | 10-12 | 13-15 || total
-------------------------+-------+-------+-------+-------+-------++-------
Melee: Dagger            |    79 |   176 |   398 |   275 |       ||   928
       Blowgun           |       |     1 |       |       |       ||     1
       Rapier            |       |       |       |   346 |   441 ||   787
 Fire: Blowgun           |     3 |    39 |    33 |    24 |       ||    99
Invok: Lesser Servant of |       |       |       |     5 |     2 ||     7
       Minor Destruction |       |       |       |     5 |     3 ||     8
       Greater Servant o |       |       |       |     2 |     2 ||     4
       Major Destruction |       |       |       |       |     4 ||     4
Evoke: Wand              |       |       |     4 |     1 |       ||     5
  Use: Scroll            |       |       |     2 |    11 |     2 ||    15
       Potion            |       |       |       |     1 |     3 ||     4
 Stab: Sleeping          |     7 |    11 |    23 |    26 |     4 ||    71
       Distracted        |       |     3 |     2 |     2 |     1 ||     8
       Fleeing           |       |       |       |       |     3 ||     3
  Eat: Chunk             |     9 |    10 |    14 |    28 |    11 ||    72
